 Dungeon Crawl Stone Soup version 0.31-a0-177-g4aa6249778 (webtiles) character file.

Game seed: 8852345865192777597

246 qw the Chopper (level 6, -4/37 HPs)
             Began as a Gargoyle Fighter on June 18, 2023.
             Slain by Eustachio
             ... wielding a +0 falchion
              (6 damage)
             ... on level 4 of the Dungeon.
             The game lasted 00:01:18 (2221 turns).

qw the Chopper (Gargoyle Fighter)                   Turns: 2221, Time: 00:01:18

Health: -4/37      AC: 13    Str: 22    XL:     6   Next: 11%
Magic:  6/6        EV:  8    Int:  8    God:
Gold:   86         SH:  4    Dex:  9    Spells: 5/5 levels left

rFire   . . .        Y - +0 war axe
rCold   . . .        c - +0 buckler
rNeg    + . .        a - +0 chain mail
rPois   inf          (no helmet)
rElec   +            (no cloak)
rCorr   .            (no gloves)
SInv    .            (no boots)
Will    .....        l - amulet of faith Stlth
                     (no ring)
HPRegen 0.26/turn    (no ring)
MPRegen 0.10/turn

%: faith
@: no status effects
A: sickness immunity, AC +4, negative energy resistance 1, electricity
resistance, torment resistance 1, petrification resistance
a: no special abilities


You were on level 4 of the Dungeon.
You visited 1 branch of the dungeon, and saw 5 of its levels.

You collected 102 gold pieces.
You spent 16 gold pieces at shops.


Innate Abilities, Weirdness & Mutations

You are immune to sickness and miasma.
Your stone body is resilient. (AC +4)
You are immune to poison.
You resist negative energy. (rN+)
You are resistant to electric shocks. (rElec)
You are resistant to unholy torment.
You are immune to petrification.


   Skills:
 + Level 3.4 Fighting
 - Level 5.6 Axes
 - Level 3.2 Armour
 - Level 3.2 Shields


You had 5 spell levels left.
You didn't know any spells.
Your spell library was empty.

Inventory:

Hand Weapons
 o - a +0 flail
 Y - a +0 war axe (weapon)
Armour
 a - a +0 chain mail (worn)
 c - a +0 buckler (worn)
Jewellery
 e - a ring of willpower
 l - an amulet of faith (around neck)
Scrolls
 f - a scroll of identify
Potions
 b - a potion of mutation {unknown}
 d - a potion of might
 h - a potion of haste {unknown}
 i - a potion of heal wounds {unknown}
 j - a potion of attraction {unknown}

Dungeon Overview and Level Annotations

Branches:
Dungeon (5/15)
 Temple: D:4-7

Altars:
Sif Muna
Xom

Shops:
D:1 *

Annotations:
D:4 Eustachio


Message History

You kill the white imp!
The white imp disappears in a puff of smoke!
You hit Eustachio. Eustachio barely misses you.
You hit Eustachio but do no damage.
Eustachio is heavily wounded.
Eustachio barely misses you. You block Eustachio's attack.
You closely miss Eustachio.
Eustachio is heavily wounded.
Eustachio barely misses you.
You hit Eustachio.
Eustachio is heavily wounded.
Eustachio hits you but does no damage.
You barely miss Eustachio.
Eustachio is heavily wounded.
Eustachio gestures wildly while chanting.
Eustachio blinks!
Eustachio gestures wildly while chanting.
You hit the river rat.
The river rat is heavily wounded.
You block the river rat's attack. Eustachio hits you with a +0 falchion.
You closely miss Eustachio.
Eustachio is heavily wounded.
You closely miss the rat. You barely miss the river rat.
The river rat barely misses you. The rat bites you but does no damage.
Eustachio hits you with a +0 falchion.
You closely miss Eustachio.
Eustachio is heavily wounded.
You hit the rat. You closely miss the river rat.
The river rat twitches its whiskers.
The river rat barely misses you. You block the rat's attack.
Eustachio hits you with a +0 falchion.
You barely miss the rat.
The rat is severely wounded.
You slash the river rat!
You kill the river rat!
The river rat's corpse disappears in a puff of smoke!
You barely miss Eustachio. The rat bites you but does no damage.
Eustachio hits you with a +0 falchion.
You die...

##.......##
#.........#
+.........+
#.........
#....... #.....
#.r.######
#.r@.....#
#.@#####.# #..#
#.#
#..#####.###.#
##............#
#.....###.#####
..####....###.#
#.............#
#######.#######


You could see Eustachio and 2 rats.

Vanquished Creatures
  Menkaure (D:4)
  A hound (D:5)
  2 adders
  A worm (D:2)
  5 dart slugs
  An orc (D:2)
  6 ball pythons
  5 endoplasms
  A giant cockroach (D:1)
  7 goblins
  10 hobgoblins
  7 jackals
  2 kobolds
  A quokka (D:2)
  3 bats
  2 frilled lizards (D:2)
  7 rats
62 creatures vanquished.

Notes
Turn   | Place    | Note
-------+----------+-------------------------------------------
     0 | D:1      | qw the Gargoyle Fighter began the quest for the Orb.
     0 | D:1      | Reached XP level 1. HP: 14/14 MP: 1/1
     0 | D:1      | 0 ||| qw: Version: 0.3-a-5-g6f28e65
     0 | D:1      | 0 ||| qw: Game counter: 631
     0 | D:1      | 0 ||| qw: Always use a shield: true
     0 | D:1      | 0 ||| qw: God list: Okawaru
     0 | D:1      | 0 ||| qw: Allow faded altars: false
     0 | D:1      | 0 ||| qw: Do Orc after D:15 true
     0 | D:1      | 0 ||| qw: Do second Lair branch before Depths: true
     0 | D:1      | 0 ||| qw: Lair rune preference: random
     0 | D:1      | 0 ||| qw: Plans: Normal, Zot:1-4, Slime:5, God:TSO, Crypt,
                  | Tomb, Abyss, Pan, Hells, Win
     0 | D:1      | 0 ||| PLANNING D:1-11
    34 | D:1      | Reached skill level 2 in Axes
    98 | D:1      | Reached XP level 2. HP: 19/19 MP: 2/2
   150 | D:1      | 150 ||| DROPPING +0 club.
   244 | D:1      | Found Xeschyar's Assorted Antiques.
   250 | D:1      | 250 ||| BUYING grey potion (16 gold).
   250 | D:1      | Bought a grey potion for 16 gold pieces
   250 | D:1      | 250 ||| SHOPLISTING grey potion (16 gold, have 0).
   250 | D:1      | 250 ||| SHOPLISTING runed leather armour (90 gold, have 0).
   250 | D:1      | 250 ||| SHOPLISTING sapphire potion (16 gold, have 0).
   250 | D:1      | 250 ||| SHOPLISTING scroll labelled ZUANNEDEMI (18 gold,
                  | have 0).
   265 | D:1      | Found a faded altar of an unknown god.
   267 | D:1      | 267 ||| Stepping ~*~*~tactically~*~*~ (hiding).
   268 | D:1      | 268 ||| Stepping ~*~*~tactically~*~*~ (hiding).
   390 | D:1      | 390 ||| Stepping ~*~*~tactically~*~*~ (hiding).
   433 | D:1      | 433 ||| Stepping ~*~*~tactically~*~*~ (hiding).
   437 | D:1      | 437 ||| Stepping ~*~*~tactically~*~*~ (hiding).
   457 | D:1      | Reached skill level 3 in Axes
   482 | D:1      | Reached XP level 3. HP: 23/23 MP: 3/3
   925 | D:1      | 925 ||| DROPPING scarf of invisibility.
   926 | D:1      | 926 ||| UPGRADING to amulet of faith.
   931 | D:1      | 931 ||| READING 2 scrolls labelled KUPNUST XUIPSU.
   932 | D:1      | 932 ||| READING scroll labelled TAGRAE ULOGG.
   933 | D:1      | 933 ||| READING scroll labelled KOUXYO JITS.
   934 | D:1      | 934 ||| DRINKING 2 green potions.
   935 | D:1      | 935 ||| DROPPING scroll of fog.
   936 | D:1      | 936 ||| DROPPING potion of brilliance.
   969 | D:2      | 969 ||| Stepping ~*~*~tactically~*~*~ (stealth).
  1212 | D:2      | 1212 ||| Stepping ~*~*~tactically~*~*~ (hiding).
  1276 | D:2      | Reached XP level 4. HP: 27/28 MP: 4/4
  1320 | D:2      | Reached skill level 4 in Axes
  1448 | D:2      | 1448 ||| DROPPING +0 mace.
  1525 | D:2      | 1525 ||| FLEEEEING.
  1778 | D:2      | 1778 ||| UPGRADING to +0 chain mail.
  1788 | D:2      | 1788 ||| DROPPING +0 scale mail.
  1789 | D:2      | 1789 ||| DROPPING amulet of magic regeneration.
  1790 | D:2      | 1790 ||| READING scroll labelled KUOSEFF WALAMU.
  1791 | D:2      | 1791 ||| READING scroll labelled POOJINN UTEMUYZY.
  1792 | D:2      | 1792 ||| READING 2 scrolls labelled KOPHIO VOTIPEPSY.
  1793 | D:2      | 1793 ||| READING 2 scrolls of identify.
  1793 | D:2      | 1793 ||| IDENTIFYING sedimented cyan potion
  1794 | D:2      | 1794 ||| DROPPING potion of invisibility.
  1795 | D:2      | 1795 ||| DROPPING scroll of poison.
  1819 | D:3      | You fall into a shaft and drop 2 floors!
  1819 | D:5      | Entered Level 5 of the Dungeon
  1906 | D:4      | Reached XP level 5. HP: 32/32 MP: 5/5
  1956 | D:4      | Found a shimmering blue altar of Sif Muna.
  1956 | D:4      | Found a shimmering altar of Xom.
  2000 | D:4      | Noticed Menkaure
  2005 | D:4      | Killed Menkaure
  2006 | D:4      | Reached skill level 5 in Axes
  2006 | D:4      | Reached XP level 6. HP: 20/37 MP: 6/6
  2172 | D:4      | Noticed Eustachio
  2219 | D:4      | HP: 5/37 [Eustachio/+0 falchion (5)]
  2220 | D:4      | HP: 2/37 [Eustachio/+0 falchion (4)]
  2221 | D:4      | Slain by Eustachio

Levels and vault maps discovered:
D:1:      saegor_arrival_miasma, layout_loops_ring,
          shapermc_ecumenical_altar_mp_urbaneastern, serial_shops, shop,
          minmay_close_crescents
D:2:      kennysheep_six_static_rooms, layout_loops_ring
D:3:      layout_basic, item_on_display_a
D:4:      layout_loops_corners, dk_yredelemnul_ordeal,
          nicolae_overflow_two_pavilions, nicolae_shop_gadgets, uniq_menkaure,
          uniq_eustachio
D:5:      layout_basic, mainiacjoe_overflow_six_doors_small, uniq_grinder,
          uniq_duvessa

Skill      XL: |  1  2  3  4  5 |
---------------+----------------+-----
Axes           | 2 3 4 5 |  5.6
Fighting       | |  3.4
Armour         | |  3.2
Shields        | |  3.2

Action                     |  1- 3 |  4- 6 || total
---------------------------+-------+-------++-------
  Melee: War axe           |   108 |   118 ||   226
    Use: Scroll            |     3 |     4 ||     7
         Potion            |     1 |       ||     1
 Armour: Scale mail        |    50 |    26 ||    76
         Chain mail        |       |    36 ||    36
  Dodge: Dodged            |    42 |    69 ||   111
  Block: Buckler           |    17 |    20 ||    37

Table legend:
 A = Non-vault XP
 B = Vault XP
 C = Vault XP percentage of total XP
 D = Non-vault monster count
 E = Vault monster count
 F = Vault count percentage of total count
                 A         B        C        D         E       F
            +---------+---------+-------+---------+---------+-------
      Total |     170 |     182 |  51.7 |      53 |       9 |  14.5
            +---------+---------+-------+---------+---------+-------
        D:1 |      45 |       4 |   8.2 |      21 |       2 |   8.7
        D:2 |      60 |      13 |  17.8 |      25 |       6 |  19.4
        D:4 |      23 |     165 |  87.8 |       6 |       1 |  14.3
        D:5 |      42 |       0 |   0.0 |       1 |       0 |   0.0
            +---------+---------+-------+---------+---------+-------
